 Dungeon Crawl Stone Soup version 0.30.1-11-g7821555f0a (webtiles) character file.

Game seed: 7009203563872252771

77 Okkudo the Chopper (level 4, 0/41 HPs)
             Began as a Hill Orc Monk on Dec 5, 2023.
             Slain by Natasha (2 damage)
             ... on level 2 of the Dungeon.
             The game lasted 00:03:33 (821 turns).

Okkudo the Chopper (Hill Orc Monk)                   Turns: 821, Time: 00:03:34

Health: 0/41       AC:  6    Str: 15    XL:     4   Next: 34%
Magic:  4/4        EV: 11    Int: 10    God:
Gold:   31         SH:  0    Dex: 13    Spells: 3/3 levels left

rFire   . . .        a - +0 hand axe
rCold   . . .        d - orb {light}
rNeg    . . .        i - +0 ring mail
rPois   .            (no helmet)
rElec   .            (no cloak)
rCorr   .            (no gloves)
SInv    .            g - +0 pair of boots
Will    .....        (no amulet)
Stlth   +            (no ring)
HPRegen 0.26/turn    (no ring)
MPRegen 0.09/turn

%: no passive effects
@: slowed, glowing, very slow
A: no striking features
a: no special abilities


You were on level 2 of the Dungeon.
You visited 1 branch of the dungeon, and saw 2 of its levels.

You collected 31 gold pieces.

Inventory:

Hand Weapons
 a - a +0 hand axe (weapon)
Missiles
 n - 2 throwing nets (quivered)
Armour
 b - a +0 robe
 d - an orb of light (worn)
 f - a +0 plate armour
 g - a +0 pair of boots (worn)
 i - a +0 ring mail (worn)
Jewellery
 k - an amulet of magic regeneration
 p - a ring of ice
Scrolls
 e - a scroll of identify {unknown}
 j - a scroll of enchant weapon {unknown}
Potions
 c - a potion of ambrosia
 h - 2 potions of lignification {unknown}
 l - a potion of haste {unknown}
 m - 2 potions of invisibility {unknown}
 o - a potion of degeneration {unknown}


   Skills:
 + Level 4.4 Fighting
 * Level 5.4 Axes
 + Level 1.6 Armour
 - Level 2.5 Dodging


You had 3 spell levels left.
You didn't know any spells.
Your spell library contained the following spells:

 Spells                   Type           Power      Damage    Failure   Level
 Call Canine Familiar     Summ           0%         N/A       91%         3
 Portal Projectile        Hex/Tloc       0%         N/A       91%         3
 Leda's Liquefaction      Hex/Erth       0%         N/A       100%        4


Dungeon Overview and Level Annotations

Branches:
Dungeon (2/15)

Altars:

Annotations:
D:2 Natasha


Message History

Natasha casts a spell.
The cerulean imp hits you from afar with a +2 spear.
Natasha casts a spell at you.
You feel yourself slow down.
You completely miss Natasha.
Natasha is moderately wounded.
The cerulean imp barely misses you. Natasha casts a spell at you.
The magic dart hits you!
The cerulean imp hits you from afar with a +2 spear.
You hit Natasha.
Natasha is severely wounded.
Natasha claws you but does no damage. The cerulean imp closely misses you.
Natasha misses you.
You barely miss Natasha.
Natasha is severely wounded.
The cerulean imp hits you from afar with a +2 spear.
Natasha misses you. The cerulean imp closely misses you.
You barely miss Natasha.
Natasha is severely wounded.
Natasha claws you but does no damage. The cerulean imp completely misses you.
Natasha drinks a potion.
Natasha is healed!
You hit Natasha but do no damage. The cerulean imp barely misses you.
Natasha closely misses you.
The cerulean imp hits you but does no damage.
Natasha claws you!
* * * LOW HITPOINT WARNING * * *
You hit Natasha but do no damage.
The cerulean imp disappears in a puff of smoke!
Natasha wildly gestures.
Natasha shimmers violently.
Natasha barely misses you.
You completely miss Natasha. Natasha claws you.
* * * LOW HITPOINT WARNING * * *
Natasha claws you.
* * * LOW HITPOINT WARNING * * *
You hit Natasha but do no damage. Natasha claws you.
* * * LOW HITPOINT WARNING * * *
You closely miss Natasha. Natasha claws you.
You die...

..# #.................
..# #................
#.# #............S.. #.#
#..............
#.###...# ....5..
........# ..K>
#.####'########h##+##.#.
.)..............@.......
########################
............... ...
##.####.####.####.####
.'.'..#.#..'.'..#.#.⌠#
.#.#..#.#..#.#..#.#..# #
##.#'##.#'##.#'##.#'##.#
....))............))...#
##.#'##.#'##.#'##.#'##.#


You could see Natasha, a cerulean imp (summoned) and a kobold.

Vanquished Creatures
  3 gnolls (D:2)
  2 adders (D:2)
  A ball python (D:2)
  A bat (D:2)
  3 endoplasms (D:1)
  A giant cockroach (D:1)
  2 goblins (D:1)
  3 hobgoblins
  4 jackals (D:1)
  A kobold (D:2)
  A quokka (D:1)
  2 frilled lizards (D:1)
  6 rats
30 creatures vanquished.

Notes
Turn   | Place    | Note
-------+----------+-------------------------------------------
     0 | D:1      | Okkudo the Hill Orc Monk began the quest for the Orb.
     0 | D:1      | Reached XP level 1. HP: 19/19 MP: 1/1
   144 | D:1      | Reached XP level 2. HP: 27/27 MP: 2/2
   598 | D:2      | Reached XP level 3. HP: 33/33 MP: 3/3
   637 | D:2      | Reached skill level 1 in Armour
   641 | D:2      | Reached skill level 5 in Axes
   775 | D:2      | Reached XP level 4. HP: 35/40 MP: 4/4
   798 | D:2      | Noticed Natasha
   819 | D:2      | HP: 2/41 [Natasha (1)]
   821 | D:2      | Slain by Natasha

Illustrated notes

Levels and vault maps discovered:
D:1:      giann_bridges, layout_rooms, skrybe_limestone_x
D:2:      minmay_door_path, layout_basic, basic_altar, minmay_pentomino_p2,
          uniq_natasha

Skill      XL: |  1  2  3 |
---------------+----------+-----
Fighting       | 4 |  4.4
Armour         | 1 |  1.6
Axes           | 5 |  5.4
Dodging        | |  2.5

Action                     |  1- 3 |  4- 6 || total
---------------------------+-------+-------++-------
  Melee: Hand axe          |    72 |    25 ||    97
 Armour: Robe              |     1 |       ||     1
         Ring mail         |    13 |    11 ||    24
  Dodge: Dodged            |    45 |    24 ||    69
